 Dungeon Crawl Stone Soup version 0.31-a0-1225-g50297eb6a4 (webtiles) character file.

Game seed: 7235296587970630818

2651 MackTheKnife the Trooper (level 9, -12/67 (72) HPs)
             Began as a Mummy Necromancer on Dec 13, 2023.
             Was an Initiate of Ashenzari.
             Killed from afar by an electric eel (13 damage)
             ... with a bolt of electricity
             ... on level 9 of the Dungeon on Dec 14, 2023.
             The game lasted 00:26:40 (10815 turns).

MackTheKnife the Trooper (Mummy Necromancer)       Turns: 10815, Time: 00:26:40

HP:   -12/67 (72)   AC:  5    Str: 11    XL:     9   Next: 36%
MP:   13/18         EV: 12    Int: 17    God:    Ashenzari [......]
Gold: 143           SH:  0    Dex: 14    Spells: 6/20 levels left

rFire   x . .        e - +4 quarterstaff (protect) {staff}
rCold   + . .        (shield currently unavailable)
rNeg    + + +        a - +2 robe {Will+}
rPois   ∞            (no helmet)
rElec   .            i - +0 cloak of Ashenzari's Omen {rPois, Fort, Self} (curse)
rCorr   .            (no gloves)
SInv    .            (no boots)
Will    ++...        (no amulet)
Stlth   ++           (no ring)
HPRegen 0.31/turn    (no ring)
MPRegen 0.16/turn

%: faith
@: unable to call your familiar, drained
A: cold resistance 1, negative energy resistance 3, torment resistance 2, heat
vulnerability 1, in touch with death 1, no potions, faith
a: Renounce Religion, Shatter the Chains


You were on level 9 of the Dungeon.
You worshipped Ashenzari.
Ashenzari was noncommittal.
You visited 1 branch of the dungeon, and saw 9 of its levels.

You collected 390 gold pieces.
You spent 247 gold pieces at shops.


Innate Abilities, Weirdness & Mutations

You are immune to poison.
Your flesh is cold resistant. (rC+)
You are immune to negative energy. (rN+++)
You are immune to unholy pain and torment.
You are vulnerable to heat. (rF-)
You are in touch with the powers of death.
You do not drink.
You have a special connection with the divine. (Faith)


   Skills:
 + Level 7.0(7.4) Fighting
 - Level 1.5 Dodging
 - Level 1.5 Stealth
 - Level 6.0(6.4) Spellcasting
 - Level 3.0 Hexes
 + Level 6.3 Summonings
 - Level 6.0 Necromancy


You had 6 spell levels left.
You knew the following spells:

 Your Spells              Type           Power      Damage    Failure   Level
a - Necrotise             Necr           100%       1d9       1%          1
b - Vampiric Draining     Necr           39%        2d8       3%          3
c - Animate Dead          Necr           39%        N/A       11%         4
d - Call Canine Familiar  Summ           27%        N/A       2%          3
e - Summon Guardian Gole  Hex/Summ       21%        N/A       5%          3

Your spell library contained the following spells:

 Spells                   Type           Power      Damage    Failure   Level
 Summon Small Mammal      Summ           100%       N/A       1%          1
 Agony                    Necr           39%        N/A       28%         5
 Summon Mana Viper        Hex/Summ       21%        N/A       45%         5
 Summon Forest            Summ/Tloc      8%         N/A       67%         5
 Summon Cactus Giant      Summ           13%        N/A       80%         6

Inventory:

Hand Weapons
 e - a +4 quarterstaff of protection (weapon) {staff}
   (You took it off Crazy Yiuf on level 6 of the Dungeon)
Missiles
 l - 9 poisoned darts {throwing}
Armour
 a - a +2 robe of willpower (worn)
   (You found it on level 8 of the Dungeon)
 i - the cursed +0 cloak of Ashenzari's Omen (worn) {rPois, Fort, Self}
   (You took it off Crazy Yiuf on level 6 of the Dungeon)

   It has a curse which improves the following skills: Fortitude: Armour and
   Shields.
   Introspection: Fighting and Spellcasting.
Magical Staves
 c - a staff of death {staff}
   (You found it on level 6 of the Dungeon)
 k - a staff of poison {staff}
   (You found it on level 8 of the Dungeon)
Wands
 j - a wand of paralysis (3)
   (You bought it in a shop on level 7 of the Dungeon)
Scrolls
 b - 2 scrolls of identify {@r1}
 d - 2 scrolls of teleportation {@r4}
 f - a scroll of torment
 g - 2 scrolls of poison
 h - a scroll of revelation
 m - a scroll of fear

Dungeon Overview and Level Annotations

Branches:
Dungeon (9/15) Zot: 26948  Temple (0/1) D:4
   Lair: D:8-11         Orc: D:9-12

Altars:
Ashenzari
Fedhas
Hepliaklqana
Kikubaaqudgha
Makhleb
Okawaru
Sif Muna
Vehumet

Shops:
D:7 ?*

Annotations:
D:4 exclusions: downstairs and steam dragon
D:5 exclusions: centaur and downstairs, Eustachio, Menkaure
D:8 exclusion: downstairs

###
#@#
#§#
§°#
#§§#


yy#S ##. S ~~ ~ ~~ ~~ You could see 2 killer bees and 2 electric eels.


Message History

There is a stone staircase leading up here.
There are monsters nearby!
The yak bellows! x3
The yak barely misses you.
You hear a roar!
You climb upwards.
There is a stone staircase leading down here.
Press: ? - help, v - describe, . - travel A stone staircase leading down.
Placed new exclusion.
Reduced exclusion size to a single square.
Things that are here:
a +0 leather armour; a +0 club {mace}; a +0 hand axe of freezing {axe} You see here a +0 short sword {short}.
You see here a +1 short sword of speed {short}.
There is a stone staircase leading down here.
You climb downwards.
There is a stone staircase leading up here.
Casting: Summon Guardian Golem (dangerous; 5% risk of failure)
Confirm with . or Enter, or press ? or * to list all spells.
A guardian golem appears, shielding your allies.
The killer bee buzzes angrily.
You hear an angry buzzing noise.
A killer bee comes into view. x2 😎 MP[-3]
You lost 3 mp, and now have 15/18 mp.
Casting: Summon Guardian Golem (dangerous; 5% risk of failure)
Confirm with . or Enter, or press ? or * to list all spells.
You call for your canine familiar and it appears with a howl!
The killer bee stings your guardian golem. 😎 MP[-3]
You lost 3 mp, and now have 12/18 mp.
The killer bee stings your guardian golem but does no damage.
The killer bee stings your guardian golem.
The killer bee stings your guardian golem but does no damage.
Your inugami closely misses the killer bee.
The killer bee stings your guardian golem but does no damage.
The killer bee stings your guardian golem!
A yak comes into view.
An electric eel comes into view.
Your inugami hits the killer bee!
The killer bee stings your guardian golem.
The killer bee stings your guardian golem but does no damage.
The killer bee stings your guardian golem but does no damage.
The killer bee barely misses your inugami.
Your inugami hits the killer bee.
An electric eel comes into view.
The killer bee barely misses your guardian golem.
The killer bee stings your guardian golem but does no damage.
Your inugami hits the yak!
The killer bee barely misses your guardian golem.
Your inugami hits the yak.
The killer bee stings your guardian golem but does no damage.
The yak gores your guardian golem!
Your inugami hits the yak.
The killer bee completely misses your guardian golem.
Your guardian golem overheats! 😎 MP[+1] Unknown command.
The killer bee barely misses your guardian golem.
Your inugami hits the yak.
The electric eel shoots out a bolt of lightning at you!
The bolt of electricity hits the killer bee!
The bolt of electricity hits your guardian golem.
Your guardian golem resists.
Flame seeps out of your guardian golem. The bolt of electricity misses you. x2
The yak gores your guardian golem but does no damage.
The killer bee misses your inugami.
Your guardian golem is engulfed in blazing flames.
Flame seeps out of your guardian golem. The killer bee stings your inugami.
Your inugami is poisoned.
The killer bee poisons your inugami!
Your inugami hits the yak but does no damage.
The yak gores your guardian golem.
Your guardian golem disappears in a puff of smoke!
The fiery explosion engulfs the yak!!!
The yak dies!
The fiery explosion engulfs your inugami!!!
Your inugami dies!
The death of your familiar leaves you staggered and unwell.
You feel drained.
Your inugami disappears in a puff of smoke!
The fiery explosion engulfs the killer bee!!
The killer bee dies!
The electric eel shoots out a bolt of lightning at you!
The bolt of electricity hits you! x2
Your Fighting skill increases to level 7! 😮 HP[-31]
You now have 67 max hp (-1).
You take 31 damage, and now have 37/67 hp.
MASSIVE DAMAGE!! (PAUSE)
The electric eel shoots out a bolt of lightning at you!
The bolt of electricity hits the electric eel.
The electric eel completely resists.
The bolt of electricity hits you!
* * * LOW HITPOINT WARNING * * *
The bolt of electricity hits you!
* * * LOW HITPOINT WARNING * * *
The electric eel shoots out a bolt of lightning at you!
The bolt of electricity hits you!
* * * LOW HITPOINT WARNING * * *
The bolt of electricity hits you!
You die...

Skill      XL: |  1  2  3  4  5  6  7  8  9 |
---------------+----------------------------+-----
Spellcasting   | 3 4 5 6 |  6.0
Necromancy     | 5 6 |  6.0
Fighting       | 3 4 6 7 |  7.0
Summonings     | 3 5 6 |  6.3
Hexes          | 3 |  3.0
Dodging        | |  1.5
Stealth        | |  1.5

Action                     |  1- 3 |  4- 6 |  7- 9 || total
---------------------------+-------+-------+-------++-------
  Melee: Dagger            |     2 |     9 |       ||    11
         Flail             |       |    11 |    10 ||    21
         Punch             |       |     1 |     2 ||     3
         Quarterstaff      |       |       |   142 ||   142
         Staff             |       |       |     9 ||     9
   Cast: Necrotise         |    67 |    73 |    23 ||   163
         Vampiric Draining |       |     4 |     6 ||    10
         Animate Dead      |       |     2 |     4 ||     6
         Call Canine Famil |       |       |    30 ||    30
         Summon Guardian G |       |       |    12 ||    12
 Invoke: Curse Item        |       |     1 |     2 ||     3
         Shatter the Chain |       |       |     2 ||     2
    Use: Scroll            |     3 |     3 |     9 ||    15
   Stab: Distracted        |       |       |     2 ||     2
 Armour: Robe              |     2 |    43 |   135 ||   180
         Skin              |       |       |     1 ||     1
  Dodge: Dodged            |     1 |    47 |   125 ||   173

Levels and vault maps discovered:
D:1:      nzn_arrival_depleted_hourglass, layout_basic,
          ebering_ecumenical_altar_box, st_stairs_9
D:2:      layout_basic
D:3:      layout_rooms, nicolae_overflow_crystal_walls,
          hangedman_abyss_or_decor_stabs
D:4:      layout_loops_ring, evilmike_ruin_ashenzari,
          mainiacjoe_overflow_catwalk, nicolae_hepliaklqana_monster_ancestors,
          temple_hall
D:5:      layout_loops_corners, mainiacjoe_overflow_concentric_impassable,
          minmay_misc_feat_alley, uniq_eustachio, uniq_menkaure
D:6:      layout_loops_ring, lemuel_crystal_altar, lemuel_tele_altar,
          chequers_temple_overflow_statue_of_worship, skrybe_limestone_x,
          uniq_sigmund, uniq_crazy_yiuf_cottage
D:7:      layout_layer_cave, serial_shops, shop, nicolae_shop_advertising_works
          [nicolae_subvault_shop_adworks], lemuel_flamethrower_2
D:8:      layout_basic, uniq_psyche
D:9:      layout_basic, slow_altar_1

Notes
Turn   | Place    | Note
-------+----------+-------------------------------------------
     0 | D:1      | MackTheKnife the Mummy Necromancer began the quest for the
                  | Orb.
     0 | D:1      | Reached XP level 1. HP: 13/13 MP: 4/4
     0 | D:1      | magus.rc [v1.9.6]
   109 | D:1      | Reached skill level 3 in Spellcasting
   199 | D:1      | Reached XP level 2. HP: 19/19 MP: 4/6
   742 | D:1      | Found a faded altar of an unknown god.
  1243 | D:2      | Reached XP level 3. HP: 24/24 MP: 6/8
  1258 | D:2      | Learned a level 3 spell: Vampiric Draining
  1600 | D:2      | Reached skill level 4 in Spellcasting
  2004 | D:3      | Noticed a scorpion
  2331 | D:3      | Found an iron altar of Okawaru.
  2572 | D:3      | Reached XP level 4. HP: 30/30 MP: 6/10
  2577 | D:3      | Learned a level 4 spell: Animate Dead
  2761 | D:3      | Killed a scorpion
  2762 | D:3      | Reached skill level 5 in Necromancy
  2848 | D:4      | Reached XP level 5. HP: 35/35 MP: 9/12
  2883 | D:4      | Noticed a steam dragon
  2992 | D:4      | Found a broken altar of Ashenzari.
  3023 | D:4      | Became a worshipper of Ashenzari the Shackled
  3132 | D:4      | Found a burning altar of Makhleb.
  3278 | D:4      | Reached skill level 5 in Spellcasting
  3529 | D:4      | Found a hazy altar of Hepliaklqana.
  3627 | D:4      | Found a staircase to the Ecumenical Temple.
  3712 | D:5      | Entered Level 5 of the Dungeon
  3980 | D:5      | Noticed a centaur
  3998 | D:5      | Reached XP level 6. HP: 41/41 MP: 11/14
  4406 | D:5      | Reached skill level 6 in Necromancy
  4457 | D:5      | HP: 10/41 [ufetubus (1)]
  4458 | D:5      | Reached skill level 6 in Spellcasting
  4763 | D:5      | Noticed Eustachio
  4796 | D:5      | Reached skill level 1 in Fighting
  4800 | D:5      | Reached skill level 2 in Fighting
  5002 | D:5      | Reached skill level 3 in Fighting
  5147 | D:5      | Reached XP level 7. HP: 52/52 MP: 13/16
  5280 | D:5      | Noticed Menkaure
  5507 | D:6      | Found an ancient bone altar of Kikubaaqudgha.
  5563 | D:6      | Reached * piety under Ashenzari
  5567 | D:6      | Reached skill level 4 in Fighting
  5634 | D:6      | HP: 2/54 [wight/+5 hand axe (13)]
  5839 | D:6      | Found a radiant altar of Vehumet.
  5839 | D:6      | Found a shimmering blue altar of Sif Muna.
  5871 | D:6      | You pick up a book of Callings and begin reading...
  5871 | D:6      | You add the spells Summon Small Mammal, Call Canine
                  | Familiar and Summon Guardian Golem to your library.
  5876 | D:6      | Learned a level 3 spell: Call Canine Familiar
  5880 | D:6      | Learned a level 3 spell: Summon Guardian Golem
  5912 | D:6      | Noticed Sigmund
  6202 | D:6      | Found a blossoming altar of Fedhas.
  6293 | D:6      | Noticed a nameless horror
  6454 | D:6      | HP: 9/55 [nameless horror[miscasting Call Canine Familiar]
                  | (7)]
  6477 | D:6      | HP: 13/55 [nameless horror[miscasting Call Canine Familiar]
                  | (3)]
  6664 | D:6      | Found a runed translucent door.
  6665 | D:6      | Noticed Crazy Yiuf
  6671 | D:6      | Killed Crazy Yiuf
  6672 | D:6      | Reached skill level 1 in Summonings
  6857 | D:6      | Killed Sigmund
  6858 | D:6      | Reached skill level 3 in Summonings
  6926 | D:6      | Reached XP level 8. HP: 49/61 MP: 14/17
  7019 | D:6      | Reached skill level 4 in Summonings
  7201 | D:7      | magus.rc [v1.9.6]
  7386 | D:7      | Found Foceullo's Magic Scroll Shoppe.
  7394 | D:7      | Bought a scroll of teleportation for 42 gold pieces
  7394 | D:7      | Bought a scroll of enchant weapon for 105 gold pieces
  7420 | D:7      | Reached skill level 1 in Hexes
  7431 | D:7      | Reached skill level 2 in Hexes
  7477 | D:7      | You pick up a book of the Wilderness and begin reading...
  7477 | D:7      | You add the spells Summon Forest, Summon Mana Viper and
                  | Summon Cactus Giant to your library.
  7632 | D:7      | Reached skill level 3 in Hexes
  8260 | D:7      | Reached skill level 5 in Fighting
  8260 | D:7      | Reached skill level 5 in Summonings
  8745 | D:7      | Found Qesych's Assorted Antiques.
  8756 | D:7      | Bought a short brass wand for 100 gold pieces
  9153 | D:7      | Upgraded the game from 0.31-a0-1206-g41278d8d1d to
                  | 0.31-a0-1225-g50297eb6a4
  9153 | D:7      | magus.rc [v1.9.6]
  9254 | D:8      | Noticed Psyche
  9266 | D:8      | Killed Psyche
  9267 | D:8      | Reached skill level 6 in Fighting
  9267 | D:8      | Reached XP level 9. HP: 71/71 MP: 13/19
  9634 | D:8      | Reached skill level 6 in Summonings
 10815 | D:9      | Reached skill level 7 in Fighting
 10815 | D:9      | HP: 12/67 [electric eel/bolt of electricity (10)]
 10815 | D:9      | HP: 1/67 [electric eel/bolt of electricity (11)]
 10815 | D:9      | Killed from afar by an electric eel

Vanquished Creatures
  Sigmund (D:6)
  A water moccasin (D:7)
  An ice beast (D:7)
  An orc warrior (D:7)
  A centaur (D:8)
  A scorpion (D:3)
  A gnoll sergeant (D:5)
  A wight (D:6)
  A howler monkey (D:6)
  2 orc priests
  Crazy Yiuf (D:6)
  3 hounds
  A sleepcap (D:4)
  A gnoll bouda (D:5)
  5 iguanas
  2 orc wizards (D:8)
  A nameless horror (D:7)
  5 adders
  10 gnolls (D:5)
  2 shadow imps
  2 white imps (D:6)
  An ufetubus (D:7)
  A dart slug (D:4)
  22 orcs
  9 ball pythons
  5 endoplasms
  5 giant cockroaches
  7 goblins (D:1)
  4 hobgoblins
  2 jackals (D:2)
  11 kobolds
  5 quokkas
  A bat (D:3)
  2 frilled lizards (D:2)
  A rat (D:1)
  A spectral kobold (D:4)
121 creatures vanquished.

Vanquished Creatures (collateral kills)
  A water moccasin (D:8)
  A bullfrog (D:8)
  4 wights
  2 jellies
  2 orc priests
  A sleepcap (D:7)
  2 orc wizards (D:7)
  An adder (D:5)
  A shadow imp (D:8)
  2 ufetubi
  4 orcs
  A ball python (D:1)
  2 rats
24 creatures vanquished.

Vanquished Creatures (others)
  Psyche (D:8)
  A yak (D:9)
  An ogre (D:6)
  A kobold brigand (D:8)
  3 wights (D:7)
  A killer bee (D:9)
  2 orc priests (D:8)
  7 orcs
  A kobold (D:8)
  3 gnoll zombies (D:5)
  4 orc zombies
25 creatures vanquished.

Grand Total: 170 creatures vanquished

Table legend:
 A = Non-vault XP
 B = Vault XP
 C = Vault XP percentage of total XP
 D = Non-vault monster count
 E = Vault monster count
 F = Vault count percentage of total count
                 A         B        C        D         E       F
            +---------+---------+-------+---------+---------+-------
      Total |    3212 |     576 |  15.2 |     151 |       7 |   4.4
            +---------+---------+-------+---------+---------+-------
        D:1 |      34 |       4 |  10.5 |      20 |       2 |   9.1
        D:2 |      39 |       0 |   0.0 |      16 |       0 |   0.0
        D:3 |     115 |       0 |   0.0 |      11 |       0 |   0.0
        D:4 |      57 |       2 |   3.4 |      10 |       2 |  16.7
        D:5 |     540 |       0 |   0.0 |      23 |       0 |   0.0
        D:6 |     582 |     263 |  31.1 |      16 |       2 |  11.1
        D:7 |     901 |       0 |   0.0 |      24 |       0 |   0.0
        D:8 |     709 |     307 |  30.2 |      29 |       1 |   3.3
        D:9 |     235 |       0 |   0.0 |       2 |       0 |   0.0
            +---------+---------+-------+---------+---------+-------

Skill      XL: |  1  2  3  4  5  6  7  8  9 |
---------------+----------------------------+-----
Spellcasting   | 3 4 5 6 |  6.0
Necromancy     | 5 6 |  6.0
Fighting       | 3 4 6 7 |  7.0
Summonings     | 3 5 6 |  6.3
Hexes          | 3 |  3.0
Dodging        | |  1.5
Stealth        | |  1.5

Action                     |  1- 3 |  4- 6 |  7- 9 || total
---------------------------+-------+-------+-------++-------
  Melee: Dagger            |     2 |     9 |       ||    11
         Flail             |       |    11 |    10 ||    21
         Punch             |       |     1 |     2 ||     3
         Quarterstaff      |       |       |   142 ||   142
         Staff             |       |       |     9 ||     9
   Cast: Necrotise         |    67 |    73 |    23 ||   163
         Vampiric Draining |       |     4 |     6 ||    10
         Animate Dead      |       |     2 |     4 ||     6
         Call Canine Famil |       |       |    30 ||    30
         Summon Guardian G |       |       |    12 ||    12
 Invoke: Curse Item        |       |     1 |     2 ||     3
         Shatter the Chain |       |       |     2 ||     2
    Use: Scroll            |     3 |     3 |     9 ||    15
   Stab: Distracted        |       |       |     2 ||     2
 Armour: Robe              |     2 |    43 |   135 ||   180
         Skin              |       |       |     1 ||     1
  Dodge: Dodged            |     1 |    47 |   125 ||   173

Illustrated notes

Table legend:
 A = Kills in this place as a percentage of kills in the entire game.
 B = Kills by you in this place as a percentage of kills by you in the entire game.
 C = Kills by friends in this place as a percentage of kills by friends in the entire game.
 D = Other kills in this place as a percentage of other kills in the entire game.
 E = Experience gained in this place as a percentage of experience gained in the entire game.
 F = Experience gained in this place divided by the number of levels of this place that you have seen.
                   A       B       C       D       E      F
               +-------+-------+-------+-------+-------+----------------------
         Total | 100.0 | 100.0 | 100.0 | 100.0 | 100.0 | 420.9
       Dungeon | 100.0 | 100.0 | 100.0 | 100.0 | 100.0 | 420.9
               +-------+-------+-------+-------+-------+----------------------

Table legend: (Time is in decaauts)
 A = Elapsed time spent in this place.
 B = Non-inter-level travel time spent in this place.
 C = Inter-level travel time spent in this place.
 D = Time resting spent in this place.
 E = Time spent auto-exploring this place.
 F = Levels seen in this place.
 G = Mean time per level.
                   A        B        C        D        E       F      G
               +--------+--------+--------+--------+--------+-----+--------+
         Total |  10872 |  10422 |    450 |   1780 |   6658 |   9 | 1208.0 |
       Dungeon |  10872 |  10422 |    450 |   1780 |   6658 |   9 | 1208.0 |
               +--------+--------+--------+--------+--------+-----+--------+

Top non-repeatable levels by time:
     D:7: 1992 daAuts
     D:5: 1712 daAuts
     D:8: 1652 daAuts
     D:6: 1519 daAuts
     D:4: 1079 daAuts
     D:1: 1068 daAuts
     D:2: 1007 daAuts
     D:3: 829 daAuts
     D:9: 11 daAuts
